 Dungeon Crawl Stone Soup version 0.18-a0-1396-g8753ca6 (webtiles) character file.

4309 Kidiri the Thaumaturge (level 10, -1/50 HPs)
             Began as a Deep Elf Fire Elementalist on Feb 23, 2016.
             Was a Follower of Vehumet.
             Slain by a five-headed hydra (7 damage)
             ... on level 7 of the Dungeon.
             The game lasted 01:02:32 (10888 turns).

Kidiri the Thaumaturge (DEFE)                      Turns: 10888, Time: 01:02:32

Health: -1/50      AC:  8    Str:  7    XL:     10   Next: 11%
Magic:  4/26       EV: 16    Int: 26    God:    Vehumet [*.....]
Gold:   419        SH:  2    Dex: 15    Spells: 8 memorised, 5 levels left

rFire  . . .     SeeInvis .     H - +10 bardiche of Domination {chop, Str+2 Int+2}
rCold  . . .     Gourm    .     a - +2 robe
rNeg   . . .     Faith    .     (shield currently unavailable)
rPois  .         Spirit   .     n - +2 hat
rElec  .         Dismiss  .     (no cloak)
rCorr  .         Reflect  .     (no gloves)
SustAt +         Harm     .     (no boots)
MR     +....     Clarity  +     j - amulet of regeneration
Stlth  +++.......               y - ring of loudness (curse)
                                z - ring of sustain attributes

@: very slightly contaminated, studying Fighting, somewhat resistant to hostile
enchantments, fairly stealthy
A: large bone plates 1, clarity, subdued magic 1
a: Renounce Religion


You were on level 7 of the Dungeon.
You worshipped Vehumet.
Vehumet was aware of your devotion.
You were hungry.

You visited 2 branches of the dungeon, and saw 8 of its levels.
You also visited: Sewer and Bailey.

You collected 419 gold pieces.

Inventory:

Hand Weapons
 x - a +3 rapier of draining
 H - the +10 bardiche of Domination (weapon) {chop, Str+2 Int+2}
   (You found it in a bailey)

   It inflicts extra damage upon your enemies.
   It affects your strength (+2).
   It affects your intelligence (+2).
Armour
 a - a +2 robe (worn)
 n - a +2 hat (worn)
 F - an ice dragon hide
Magical Staves
 v - an uncursed staff of air
Jewellery
 d - an uncursed ring of protection from fire
 j - an amulet of regeneration (around neck)
 k - an uncursed ring of flight
 o - an uncursed ring of teleportation
 r - an uncursed ring of ice
 y - a cursed ring of loudness (right hand)
 z - a ring of sustain attributes (left hand)
Wands
 m - a wand of paralysis (16/24)
 t - a wand of digging (9/24)
 w - a wand of acid (6/15)
 C - a wand of iceblast (6/15)
Scrolls
 f - 2 scrolls of amnesia
 g - 10 scrolls of teleportation
 p - 2 scrolls of blinking
 q - 3 scrolls of recharging
 A - a scroll of fear
Potions
 e - a potion of lignification
 i - a potion of might
 s - 3 potions of curing
 B - 2 potions of agility {unknown}
Books
 E - a book of the Tempests

   Spells                             Type                      Level
   a - Static Discharge               Conjuration/Air              3
   b - Lightning Bolt                 Conjuration/Air              5
   c - Fireball                       Conjuration/Fire             5
   d - Tornado                        Air                          9
   e - Shatter                        Earth                        9
 G - a manual of Fighting
Comestibles
 c - a bread ration
 D - 2 meat rations


   Skills:
 + Level 0.0 Fighting
 + Level 6.7 Dodging
 + Level 7.6 Stealth
 * Level 10.1 Spellcasting
 + Level 5.7 Conjurations
 + Level 6.6 Hexes
 + Level 6.7 Fire Magic
 + Level 1.9 Air Magic
 + Level 2.0 Earth Magic
 + Level 3.2 Evocations


You had 5 spell levels left.
You knew the following spells:

 Your Spells              Type           Power        Failure   Level  Hunger
a - Flame Tongue          Conj/Fire      ####.        1%          1    None
b - Throw Flame           Conj/Fire      ####..       1%          2    None
c - Conjure Flame         Conj/Fire      ####....     1%          3    None
d - Inner Flame           Hex/Fire       ####....     1%          3    None
e - Sticky Flame          Conj/Fire      ####....     1%          4    None
f - Fireball              Conj/Fire      ####......   5%          5    ####...
g - Lightning Bolt        Conj/Air       ###.......   17%         5    ####...
h - Sandblast             Erth           ###...       1%          1    None


Dungeon Overview and Level Annotations

Branches:
Dungeon (7/15)             Temple (1/1) D:6

Altars:
Ashenzari
Cheibriados
Dithmenos
Elyvilon
Fedhas
Gozag
Kikubaaqudgha
Makhleb
Nemelex Xobeh
Okawaru
Qazlal
Ru
Sif Muna
Trog
Vehumet
Xom
Yredelemnul
Zin
The Shining One


Innate Abilities, Weirdness & Mutations

You are partially covered in large bone plates (AC +2, SH +2).
You possess an exceptional clarity of mind.
Your spells are a little easier to cast, but a little less powerful.


Message History

The five-headed hydra closely misses you. x2
The five-headed hydra bites you.
* * * LOW HITPOINT WARNING * * *
Unknown command.
Casting: Sticky Flame
Confirm with . or Enter, or press ? or * to list all spells.
You don't have enough magic to cast that spell.
Unknown command.
Unknown command.
Quiver which item? (- for none, * to show all) (? for menu, Esc to quit)
Okay, then.
Unknown command.
Casting: Sticky Flame
Confirm with . or Enter, or press ? or * to list all spells.
Okay, then.
Unknown command.
The five-headed hydra bites you!
* * * LOW HITPOINT WARNING * * *
The five-headed hydra bites you!
You die...

#..)..#...§.§§.≈.####
#.....#...§§.§≈.....#
##.#..#.§.≈..≈..###.# #
#...##..§≈§.≈§.# #.# #
###.##..§.≈§§.≈# #.# #
#.##.≈......§# #.# #
#.######.##.......≈.###.#
#
#......[..'...≈....≈....#
#
#.######.##.@D......#####
#. #.##.........# #.####
#.############ #....# #.#
#....###'#####
#............#
#............#
###.#.........)..#####
.........(((.........#


You could see a five-headed hydra.

Vanquished Creatures
  The ghost of psellion the Chopper, a novice HOFi of Qazlal (D:4)
  A two-headed ogre (D:6)
  Sigmund (D:3)
  A hungry ghost (D:6)
  A sky beast (D:6)
  11 orc warriors
  5 ogres
  A necrophage (D:6)
  10 centaurs
  Blork the orc (D:5)
  A giant frog (D:6)
  A scorpion (D:5)
  3 crimson imps
  4 hounds
  2 orc priests
  2 giant frog skeletons
  A gnoll shaman (D:6)
  4 iguanas (D:6)
  3 worker ants
  A hound skeleton (D:6)
  4 gnolls (D:6)
  6 river rats (Sewer)
  7 adders
  A shadow imp (D:5)
  2 adder skeletons
  An adder zombie (D:7)
  9 worms
  6 dart slugs
  3 giant geckos
  34 orcs
  3 ball pythons
  7 bats
  7 giant cockroaches
  5 goblins
  9 hobgoblins
  10 jackals
  3 kobolds
  4 quokkas
  12 giant newts
  2 gnoll zombies (D:6)
  17 rats
207 creatures vanquished.

Notes
Turn   | Place    | Note
--------------------------------------------------------------
     0 | D:1      | Kidiri the Deep Elf Fire Elementalist began the quest for the Orb.
     0 | D:1      | Reached XP level 1. HP: 10/10 MP: 6/6
   110 | D:1      | Reached XP level 2. HP: 9/15 MP: 0/8
   114 | D:1      | Learned a level 2 spell: Throw Flame
  1063 | D:2      | Reached XP level 3. HP: 19/19 MP: 0/10
  1068 | D:2      | Learned a level 3 spell: Conjure Flame
  1072 | D:2      | Learned a level 3 spell: Inner Flame
  1742 | D:2      | Reached skill level 4 in Spellcasting
  2201 | D:3      | Found a sacrificial altar of Ru.
  2230 | D:3      | Noticed Sigmund
  2273 | D:3      | Reached XP level 4. HP: 15/24 MP: 4/12
  2297 | D:3      | Found a glowing drain.
  2302 | Sewer    | Entered a sewer
  2574 | Sewer    | Reached skill level 1 in Hexes
  2703 | Sewer    | HP: 1/24 [river rat (9)]
  2980 | Sewer    | Reached XP level 5. HP: 28/28 MP: 10/13
  2987 | Sewer    | Learned a level 4 spell: Sticky Flame
  3244 | D:3      | Killed Sigmund
  3244 | D:3      | Reached skill level 5 in Spellcasting
  3244 | D:3      | Reached XP level 6. HP: 32/32 MP: 5/15
  4129 | D:4      | Found a snail-covered altar of Cheibriados.
  4156 | D:4      | Reached XP level 7. HP: 36/36 MP: 12/17
  4382 | D:4      | Noticed psellion's ghost (novice HOFi)
  4409 | D:4      | Reached skill level 6 in Spellcasting
  4524 | D:3      | Learned a level 5 spell: Fireball
  4719 | D:4      | Reached skill level 5 in Stealth
  4843 | D:4      | Found a burning altar of Makhleb.
  5051 | D:4      | Killed psellion's ghost
  5051 | D:4      | Reached skill level 5 in Fire Magic
  5211 | D:4      | Found a deep blue altar of Sif Muna.
  5211 | D:4      | Found a stormy altar of Qazlal.
  5329 | D:5      | Entered Level 5 of the Dungeon
  5329 | D:5      | Found a glowing silver altar of Zin.
  5329 | D:5      | Noticed an angel
  5330 | D:5      | Found a shimmering altar of Xom.
  5344 | D:5      | Reached skill level 7 in Spellcasting
  5422 | D:5      | Gained mutation: Your spells are a little easier to cast, but a little less powerful. [potion of mutation]
  5422 | D:5      | Gained mutation: You are partially covered in large bone plates (AC +2, SH +2). [potion of mutation]
  5422 | D:5      | Gained mutation: You possess an exceptional clarity of mind. [potion of mutation]
  5504 | D:5      | Reached XP level 8. HP: 41/41 MP: 9/20
  5646 | D:5      | Noticed Blork the orc
  5653 | D:5      | Killed Blork the orc
  6250 | D:6      | Reached skill level 5 in Dodging
  6435 | D:6      | Noticed a two-headed ogre
  6663 | D:6      | Found a sparkling altar of Nemelex Xobeh.
  6668 | D:6      | Found an iron altar of Okawaru.
  6822 | D:6      | Killed a two-headed ogre
  6822 | D:6      | Reached skill level 8 in Spellcasting
  6835 | D:6      | Found a basalt altar of Yredelemnul.
  6863 | D:6      | Reached skill level 5 in Hexes
  6863 | D:6      | Reached skill level 1 in Evocations
  7233 | D:6      | Reached XP level 9. HP: 42/45 MP: 21/23
  7387 | D:6      | Found a staircase to the Ecumenical Temple.
  7391 | Temple   | Entered the Ecumenical Temple
  7424 | Temple   | Became a worshipper of Vehumet
  7675 | D:6      | Reached skill level 9 in Spellcasting
  7829 | D:6      | Reached skill level 5 in Conjurations
  8117 | D:7      | Found a shattered altar of Ashenzari.
  8139 | D:7      | Learned a level 3 spell: Static Discharge
  8484 | D:7      | Found a flagged portal.
  8503 | Bailey   | Entered a bailey
  8526 | Bailey   | HP: 2/45 [centaur/javelin of returning (11)]
  8812 | Bailey   | Reached skill level 1 in Air Magic
  9138 | Bailey   | Reached * piety under Vehumet
  9138 | Bailey   | Offered knowledge of Sandblast by Vehumet.
  9202 | Bailey   | Learned a level 1 spell: Sandblast
  9593 | Bailey   | Reached skill level 1 in Earth Magic
  9741 | Bailey   | Reached skill level 10 in Spellcasting
  9874 | Bailey   | Learned a level 5 spell: Lightning Bolt
  9968 | Bailey   | Reached XP level 10. HP: 50/50 MP: 15/26
 10713 | Bailey   | Got a slimy bardiche
 10714 | Bailey   | Identified the +10 bardiche of Domination {chop, Str+2 Int+2} (You found it in a bailey)
 10874 | D:7      | Noticed a five-headed hydra
 10888 | D:7      | Slain by a five-headed hydra

Vault maps used:
D:1:      grunt_arrival_lava_bath
D:2:      first_bread
D:3:      nicolae_overflow_hidden_temple, portal_sewer_entry_e, uniq_sigmund
D:4:      kennysheep_mini_moat, gammafunk_temple_overflow_elements,
          cheibriados_altar_1
D:5:      grunt_temple_overflow_order_and_chaos_1, uniq_blork_the_orc
D:6:      lemuel_zombie_altar_yredelemnul, amethyst_overflow_temple_binary,
          minmay_temple_entry_statues_pillars
D:7:      cheibrodos_ashenzari_chains, enter_bailey_2, hangedman_minor_gate_pass
Temple:   minmay_temple_bridge_a_8
Sewer:    sewer_co_cracked_pipes
Bailey:   bailey_polearm_flooded_kennysheep, bailey

Skill      XL: |  1  2  3  4  5  6  7  8  9 10 |
---------------+-------------------------------+-----
Stealth        | 3 4 5 6 7 |  7.6
Spellcasting   | 4 5 7 8 10 | 10.1
Conjurations   | 2 3 4 5 |  5.7
Hexes          | 1 2 3 4 5 6 |  6.6
Dodging        | 3 4 5 6 |  6.7
Fire Magic     | 4 5 6 |  6.7
Evocations     | 1 3 |  3.2
Air Magic      | 1 |  1.9
Earth Magic    | 1 2 |  2.0

Action                   |  1- 3 |  4- 6 |  7- 9 | 10-12 || total
-------------------------+-------+-------+-------+-------++-------
Melee: Short sword       |    21 |    18 |       |       ||    39
       Dagger            |       |     1 |     4 |       ||     5
       Rapier            |       |       |   160 |       ||   160
       Staff             |       |       |     5 |       ||     5
       Bardiche          |       |       |       |     1 ||     1
 Cast: Flame Tongue      |    47 |    61 |   222 |    12 ||   342
       Throw Flame       |    35 |    30 |    93 |    26 ||   184
       Conjure Flame     |       |     2 |    15 |       ||    17
       Sticky Flame      |       |     2 |    18 |     1 ||    21
       Inner Flame       |       |       |    14 |     1 ||    15
       Fireball          |       |       |     6 |     1 ||     7
       Lightning Bolt    |       |       |       |     1 ||     1
  Use: Scroll            |     8 |     1 |    14 |     2 ||    25
       Potion            |       |     2 |     8 |     1 ||    11
 Stab: Sleeping          |     2 |     5 |     4 |       ||    11
  Eat: Chunk             |     4 |     7 |     6 |     1 ||    18
       Meat ration       |     1 |       |     1 |       ||     2
       Fruit             |       |       |     4 |       ||     4
       Bread ration      |       |       |     3 |       ||     3
